 Dungeon Crawl Stone Soup version 0.31.0-32-g396128a36d (webtiles) character file.

Game seed: 11413722828521069863

13195 adizb the Cleaver (level 11, -4/99 HPs)
             Began as a Minotaur Fighter on Apr 14, 2024.
             Was an Elder of Dithmenos.
             Slain by a polar bear (5 damage)
             ... on level 11 of the Dungeon.
             The game lasted 00:39:30 (8411 turns).

adizb the Cleaver (Minotaur Fighter)                Turns: 8411, Time: 00:39:31

Health: -4/99      AC: 10    Str: 30    XL:     11   Next: 72%
Magic:  11/11      EV: 14    Int:  5    God:    Dithmenos [****..]
Gold:   37         SH:  6    Dex: 11    Spells: 10/10 levels left

rFire   . . .        c - +4 war axe (vamp)
rCold   . . .        q - +0 buckler
rNeg    . . .        j - +2 leather armour {rPois}
rPois   +            (helmet unavailable)
rElec   .            i - +0 cloak
rCorr   .            z - +0 pair of gloves
SInv    .            o - +0 pair of boots
Will    .....        t - amulet of faith
Stlth   +            k - ring of flight
HPRegen 0.36/turn    b - +6 ring of strength
MPRegen 0.12/turn

%: faith
@: flying, wreathed by umbra
A: horns 3, retaliatory headbutt, poison resistance
a: Renounce Religion, Shadow Step


You were on level 11 of the Dungeon.
You worshipped Dithmenos.
Dithmenos was greatly pleased with you.
You visited 2 branches of the dungeon, and saw 12 of its levels.

You collected 501 gold pieces.
You spent 464 gold pieces at shops.

Inventory:

Hand Weapons
 c - a +4 vampiric war axe (weapon)
 e - a +3 great sword
Missiles
 a - 2 silver javelins (quivered)
 n - 4 boomerangs
Armour
 i - a +0 cloak (worn)
 j - a +2 leather armour of poison resistance (worn)
 o - a +0 pair of boots (worn)
 q - a +0 buckler (worn)
 z - a +0 pair of gloves (worn)
 D - a +0 ring mail
Jewellery
 b - a +6 ring of strength (right hand)
 k - a ring of flight (left hand)
 t - an amulet of faith (around neck)
 v - a ring of poison resistance
 y - an amulet of magic regeneration
Wands
 l - a wand of polymorph (23)
 x - a wand of iceblast (6)
 A - a wand of flame (11)
 C - a wand of charming (13)
 E - a wand of quicksilver (11)
 G - a wand of digging (7)
Scrolls
 g - 2 scrolls of teleportation
 h - 2 scrolls of blinking
 p - 2 scrolls of fog
 u - a scroll of brand weapon
 w - 2 scrolls of revelation
 B - 2 scrolls of amnesia
 F - a scroll of poison
Potions
 d - 5 potions of might
 f - a potion of attraction {unknown}
 m - 2 potions of mutation
 r - 8 potions of curing
 s - 2 potions of lignification {unknown}
 H - a potion of invisibility {unknown}
 I - 3 potions of haste {unknown}
 J - a potion of enlightenment {unknown}
 K - a potion of heal wounds


   Skills:
 + Level 9.9 Fighting
 - Level 4.4 Long Blades
 * Level 11.6 Axes
 + Level 10.5 Armour
 + Level 8.8 Dodging
 + Level 10.2 Shields
 - Level 1.4 Invocations


You had 10 spell levels left.
You didn't know any spells.
Your spell library contained the following spells:

 Spells                   Type           Power      Damage    Failure   Level
 Jinxbite                 Hex            0%         N/A       67%         2
 Mercury Vapours          Alch/Air       0%         N/A       67%         2
 Frozen Ramparts          Ice            0%         1d1       88%         3
 Gell's Gravitas          Tloc           0%         N/A       88%         3
 Mephitic Cloud           Conj/Alch/Air  0%         N/A       88%         3
 Teleport Other           Tloc           0%         N/A       88%         3
 Leda's Liquefaction      Alch/Erth      0%         N/A       99%         4
 Petrify                  Alch/Erth      0%         N/A       99%         4
 Freezing Cloud           Conj/Ice/Air   0%         6-21      100%        5
 Metabolic Englaciation   Hex/Ice        0%         N/A       100%        5
 Yara's Violent Unravell  Hex/Alch       0%         3d3       100%        5
 Conjure Ball Lightning   Conj/Air       0%         3x3d6     100%        6
 Dispersal                Tloc           0%         N/A       100%        6
 Enfeeble                 Hex            0%         N/A       100%        7
 Discord                  Hex            0%         N/A       100%        8
 Disjunction              Tloc           0%         N/A       100%        8


Dungeon Overview and Level Annotations

Branches:
Dungeon (11/15)            Temple (1/1) D:6            Lair (0/5) D:11
    Orc: D:9-12

Altars:
Ashenzari
Cheibriados
Dithmenos
Elyvilon
Fedhas
Gozag
Hepliaklqana
Kikubaaqudgha
Makhleb
Nemelex Xobeh
Okawaru
Qazlal
Ru
Sif Muna
Trog
Uskayaw
Vehumet
Wu Jian
Xom
Yredelemnul
Zin
The Shining One

Shops:
D:10 !(==?   D:11 *[

Annotations:
D:8 3 runed translucent doors, Lemonizer's ghost, novice GnWn; maldita's ghost, novice DESu
D:10 4 transporters, convarich's ghost, novice TrMo


Innate Abilities, Weirdness & Mutations

You have a pair of large horns on your head.
You reflexively headbutt those who attack you in melee.
Your system is resistant to poisons. (rPois)


Message History

The polar bear is severely wounded.
You slash the polar bear!
You feel better.
Your shadow hits the polar bear with a war axe!
Your shadow hits the polar bear but does no damage.
You block the polar bear's attack. The polar bear claws you.
The polar bear barely misses you.
The polar bear goes berserk!
You barely miss the polar bear.
The polar bear is almost dead.
You barely miss the polar bear. The polar bear barely misses you.
The polar bear claws you. You block the polar bear's attack.
The polar bear barely misses you. The polar bear claws you.
The polar bear claws you but does no damage.
You block the polar bear's attack. The polar bear barely misses you. x2
You slice the polar bear!!
You feel better.
You kill the polar bear!
Dithmenos accepts your kill.
You hit the polar bear but do no damage.
You block the polar bear's attack. x2; The polar bear completely misses you.
The polar bear bites you!
The polar bear claws you but does no damage. x2
You closely miss the polar bear.
The polar bear is severely wounded.
You block the polar bear's attack.
The polar bear claws you but does no damage.
The polar bear misses you.
You barely miss the polar bear.
The polar bear is severely wounded.
The polar bear bites you!!
* * * LOW HITPOINT WARNING * * *
The polar bear misses you. The polar bear completely misses you.
You hit the polar bear.
You feel better.
The polar bear is severely wounded.
The polar bear barely misses you. The polar bear claws you.
* * * LOW HITPOINT WARNING * * *
The polar bear claws you.
* * * LOW HITPOINT WARNING * * *
The polar bear bites you!
* * * LOW HITPOINT WARNING * * *
The polar bear claws you.
You die...

,,,,,,,,,,,,,,,,,,,,,,,,,,,,,,,,,
,,,<,,,,,,,,,,*#......,,,,,,,,,,,
,,,,,,,,>,,,,,*#.....##.,,,,,,**,
##..**,,,*####*#.......,,,,,,,**,
##..#***+##...##.....#*,,,,,,,**,
≈....,,,,............#**********,
≈~~~..,,,............+,,,,,,,,*,,
≈≈≈~~.,,,.......†h...#,,,,,,,,**,
~~~~.,,,,*######@....#,,,,,,,,**,
~..########...##.....#,,,,,,,,*,,
#..###...##...'......#,,,,,,,,+,,
..............#......#*,,,,,,,**,
..............#......#*,,,,,,<**,
..............#.........,,,,,,**,
..............#.........,,,,,,**+
#..###...####+####...##.,,,,,,,*,
#.)###...##...#***+###*,,,,,,,**,


You could see a polar bear (berserk).

Vanquished Creatures
  Pikel (D:6)
  An unseen horror (D:11)
  Psyche (D:11)
  A hornet (D:9)
  A troll (D:10)
  A polar bear (D:11)
  2 centaur simulacra (D:11)
  Sigmund (D:3)
  2 wraiths (D:10)
  40 yaks
  3 wyverns
  A steam dragon (D:8)
  A water moccasin (D:6)
  A black bear (D:6)
  A meliai simulacrum (D:11)
  4 ice beasts
  2 sky beasts
  4 orc warriors
  An ogre (D:5)
  A wolf (D:11)
  A centaur (D:9)
  Blork the orc (D:6)
  A kobold brigand (D:10)
  3 bullfrogs
  2 scorpions
  18 wights
  9 killer bees
  A howler monkey (D:11)
  A bombardier beetle (D:7)
  A hound (D:6)
  A jelly (D:5)
  A gnoll bouda (D:9)
  7 orc priests
  A sleepcap (D:5)
  Jessica (D:2)
  Natasha (thrice) (D:4)
  4 iguanas
  11 orc wizards
  12 gnolls
  9 adders
  2 shadow imps
  4 white imps
  2 ufetubi
  2 ribbon worms (D:4)
  5 dart slugs
  25 orcs
  4 endoplasms
  10 goblins
  10 hobgoblins
  2 jackals (D:5)
  10 kobolds
  3 quokkas
  4 ball pythons
  6 bats
  A frilled lizard (D:1)
  3 rats
251 creatures vanquished.

Notes
Turn   | Place    | Note
-------+----------+-------------------------------------------
     0 | D:1      | adizb the Minotaur Fighter began the quest for the Orb.
     0 | D:1      | Reached XP level 1. HP: 19/19 MP: 0/0
   122 | D:1      | Reached XP level 2. HP: 22/27 MP: 1/1
   128 | D:1      | Reached skill level 1 in Dodging
   456 | D:1      | Reached XP level 3. HP: 29/33 MP: 2/2
  1181 | D:2      | Reached XP level 4. HP: 34/40 MP: 3/3
  1214 | D:2      | Noticed Jessica
  1217 | D:2      | Killed Jessica
  1672 | D:3      | Noticed Sigmund
  1678 | D:3      | Killed Sigmund
  1679 | D:3      | Reached skill level 5 in Armour
  1679 | D:3      | Reached skill level 5 in Shields
  1679 | D:3      | Reached XP level 5. HP: 46/47 MP: 4/4
  1679 | D:3      | Reached XP level 6. HP: 52/53 MP: 5/5
  1815 | D:3      | Found a glowing silver altar of Zin.
  1818 | D:3      | Found a hide-covered altar of Uskayaw.
  1818 | D:3      | Found an opulent altar of Gozag.
  2362 | D:4      | Noticed Natasha
  2369 | D:4      | Killed Natasha
  2462 | D:4      | Noticed Natasha
  2478 | D:4      | Killed Natasha
  2589 | D:4      | Noticed Natasha
  2597 | D:4      | Killed Natasha
  2598 | D:4      | Reached XP level 7. HP: 60/60 MP: 6/6
  2807 | D:5      | Entered Level 5 of the Dungeon
  3021 | D:5      | You are sucked into a shaft and drop 1 floor!
  3066 | D:6      | Reached skill level 5 in Fighting
  3221 | D:5      | Found a burning altar of Makhleb.
  3609 | D:5      | Identified the +9 dagger "Jatias" {heavy, ^Drain rPois MP+9
                  | SInv}
  3715 | D:5      | Reached skill level 1 in Axes
  3824 | D:6      | Found a staircase to the Ecumenical Temple.
  3842 | Temple   | Entered the Ecumenical Temple
  3897 | Temple   | Became a worshipper of Dithmenos the Shadowed
  3997 | D:6      | Reached XP level 8. HP: 58/69 MP: 7/7
  4025 | D:6      | Reached skill level 2 in Axes
  4053 | D:6      | Reached skill level 5 in Dodging
  4132 | D:6      | Noticed Blork the orc
  4138 | D:6      | Killed Blork the orc
  4418 | D:6      | Reached skill level 3 in Axes
  4505 | D:6      | Noticed Pikel
  4516 | D:6      | Killed Pikel
  4517 | D:6      | Reached skill level 4 in Axes
  4622 | D:6      | Reached skill level 5 in Axes
  4806 | D:7      | Reached * piety under Dithmenos
  4944 | D:7      | Reached XP level 9. HP: 44/78 MP: 8/8
  5298 | D:7      | Reached skill level 6 in Axes
  5311 | D:7      | Found a sacrificial altar of Ru.
  5550 | D:7      | Gained mutation: Your system is resistant to poisons.
                  | (rPois) [potion of mutation]
  5550 | D:7      | Gained mutation: You have a pair of large horns on your
                  | head. [potion of mutation]
  5652 | D:8      | Reached skill level 7 in Axes
  5661 | D:8      | Reached ** piety under Dithmenos
  5662 | D:8      | Reached XP level 10. HP: 38/88 MP: 9/9
  5667 | D:8      | Reached skill level 8 in Axes
  6298 | D:8      | Found a runed translucent gate.
  6298 | D:8      | Found a runed translucent gate.
  6298 | D:8      | Found a runed translucent gate.
  6299 | D:8      | Noticed Lemonizer's ghost (novice GnWn)
  6299 | D:8      | Noticed maldita's ghost (novice DESu)
  6552 | D:9      | Reached skill level 9 in Axes
  6674 | D:9      | Reached *** piety under Dithmenos
  6714 | D:9      | Found a radiant altar of Vehumet.
  6826 | D:9      | Reached skill level 10 in Axes
  6831 | D:9      | Reached XP level 11. HP: 84/97 MP: 10/10
  7004 | D:9      | Found a broken altar of Ashenzari.
  7078 | D:9      | Found a white marble altar of Elyvilon.
  7223 | D:10     | Entered Level 10 of the Dungeon
  7271 | D:10     | Reached skill level 10 in Armour
  7289 | D:10     | Reached skill level 1 in Invocations
  7328 | D:10     | Found a transporter.
  7367 | D:10     | Noticed an orc high priest
  7371 | D:10     | Found a transporter.
  7381 | D:10     | Found Efithry's Jewellery Emporium.
  7451 | D:10     | Found Daumaxza's Distillery.
  7456 | D:10     | Bought a potion of curing for 33 gold pieces
  7456 | D:10     | Bought a potion of might for 44 gold pieces
  7456 | D:10     | Bought a potion of heal wounds for 55 gold pieces
  7456 | D:10     | Bought a potion of curing for 33 gold pieces
  7456 | D:10     | Bought a potion of might for 44 gold pieces
  7468 | D:10     | Reached skill level 11 in Axes
  7474 | D:10     | Found a transporter.
  7477 | D:10     | Noticed a tengu warrior
  7478 | D:10     | Noticed a two-headed ogre
  7478 | D:10     | Noticed a two-headed ogre
  7479 | D:10     | Found a bloodstained altar of Trog.
  7480 | D:10     | Noticed convarich's ghost (novice TrMo)
  7492 | D:10     | Found a transporter.
  7566 | D:10     | Found Xutuuseci's Antique Weapon Emporium.
  7584 | D:10     | Found Ceustuak's Jewellery Emporium.
  7700 | D:10     | Reached **** piety under Dithmenos
  7914 | D:10     | Found Oses Such's Magic Scroll Shop.
  8180 | D:11     | Found Sakith's Antique Armour Shop.
  8187 | D:11     | Found Tithro's Assorted Antiques.
  8199 | D:11     | Reached skill level 10 in Shields
  8204 | D:11     | Bought a scroll labelled WEAKKU YCEE for 30 gold pieces
  8204 | D:11     | Bought a scroll of enchant weapon for 225 gold pieces
  8362 | D:11     | Noticed Psyche
  8375 | D:11     | Killed Psyche
  8411 | D:11     | HP: 1/99 [polar bear (10)]
  8411 | D:11     | Slain by a polar bear

Illustrated notes

Levels and vault maps discovered:
D:1:      orjb1_clovarrival, layout_basic, st_stairs_11,
          chequers_serial_rivers_micro_a
D:2:      layout_loops_corners, kennysheep_generic_room_14, uniq_jessica
D:3:      layout_loops_cross, gammafunk_temple_overflow_forgotten, uniq_sigmund
D:4:      layout_basic, uniq_natasha
D:5:      layout_cave_pools, lemuel_doored_altar, minmay_misc_feat_roman,
          chequers_serial_rivers_micro_b
D:6:      layout_basic, minmay_temple_entry_grid, uniq_pikel, uniq_blork_the_orc
D:7:      layout_cave_pods, lemuel_tele_altar, nrook_campfire,
          minmay_diced_spiral
D:8:      layout_gridville, gammafunk_ghost_cemetery, kennysheep_potato
D:9:      layout_small_grid, mainiacjoe_overflow_catwalk,
          mainiacjoe_overflow_24_doors, nicolae_ashenzari_skybound
D:10:     gammafunk_wand_slinger, layout_basic, serial_shops,
          nicolae_shop_trees, shop, shop, shop_statue, shop,
          gammafunk_ghost_wrathful_warriors
D:11:     layout_gridville, erik_lair_orcish_takeover, serial_ice, serial_ice_e,
          serial_ice_b, serial_ice_l, serial_ice_o, serial_ice_h, serial_ice_d,
          serial_ice_f, portal_ice_cave_entry_ice_simulacra, serial_shops, shop,
          nicolae_shop_peninsula, uniq_psyche
Temple:   jpeg_temple_clearing

Skill      XL: |  1  2  3  4  5  6  7  8  9 10 11 |
---------------+----------------------------------+-----
Dodging        | 1 2 3 4 5 6 8 |  8.8
Armour         | 4 5 6 7 8 9 10 | 10.5
Fighting       | 4 5 6 7 9 |  9.9
Long Blades    | 3 4 |  4.4
Shields        | 4 5 6 7 8 9 10 | 10.2
Axes           | 1 5 7 10 11 | 11.6
Invocations    | 1 |  1.4

Action                     |  1- 3 |  4- 6 |  7- 9 | 10-12 || total
---------------------------+-------+-------+-------+-------++-------
  Melee: Long sword        |    92 |    92 |    26 |       ||   210
         Headbutt          |    10 |    20 |    35 |    60 ||   125
         Unarmed           |       |    11 |       |       ||    11
         Great sword       |       |       |    13 |       ||    13
         War axe           |       |       |   152 |   295 ||   447
  Throw: Javelin           |       |     2 |     2 |       ||     4
 Invoke: Shadow Step       |       |       |       |     2 ||     2
    Use: Scroll            |       |     6 |     1 |     9 ||    16
         Potion            |       |     1 |     4 |       ||     5
 Armour: Scale mail        |    58 |    49 |       |       ||   107
         Skin              |       |     5 |       |       ||     5
         Leather armour    |       |     3 |   178 |   195 ||   376
  Dodge: Dodged            |    58 |    47 |   150 |   210 ||   465
  Block: Buckler           |    24 |    20 |    39 |    85 ||   168
